 Dungeon Crawl Stone Soup version 0.31-a0-986-g5e6e4ef867 (webtiles) character file.

Game seed: 9484690437515522663

5877 Arex the Fighter (level 10, -2/81 HPs)
             Began as a Demonspawn Fighter on Nov 3, 2023.
             Was an Initiate of Gozag.
             Slain by a two-headed ogre
             ... wielding a +0 giant club
              (15 damage)
             ... on level 8 of the Dungeon.
             The game lasted 00:14:09 (9003 turns).

Arex the Fighter (Demonspawn Fighter)               Turns: 9003, Time: 00:14:10

Health: -2/81      AC: 17    Str: 20    XL:     10   Next: 52%
Magic:  10/10      EV:  6    Int: 14    God:    Gozag
Gold:   1449       SH:  6    Dex: 13    Spells: 9/9 levels left

rFire   + . .        n - +3 trident (drain)
rCold   . . .        c - +0 buckler
rNeg    . . .        B - +0 plate armour
rPois   .            (helmet restricted)
rElec   .            j - +0 cloak
rCorr   +            p - +0 pair of gloves
SInv    .            A - +0 pair of boots
Will    .....        (no amulet) Stlth
                     g - ring of protection from fire
HPRegen 0.33/turn    d - ring of resist corrosion
MPRegen 0.12/turn

%: no passive effects
@: gold aura
A: antennae 2, demonic guardian 2, ignite blood 1, big brain 2
a: Renounce Religion, Potion Petition, Call Merchant, Bribe Branch


You were on level 8 of the Dungeon.
You worshipped Gozag.
Gozag was most pleased with you.
You visited 2 branches of the dungeon, and saw 9 of its levels.

You collected 1519 gold pieces.
You paid 70 gold pieces to Gozag.

Inventory:

Hand Weapons
 a - a +0 war axe
 n - a +3 trident of draining (weapon)
 J - a +2 scimitar of flaming
Armour
 b - a +0 scale mail
 c - a +0 buckler (worn)
 j - a +0 cloak (worn)
 p - a +0 pair of gloves (worn)
 r - a +0 chain mail
 A - a +0 pair of boots (worn)
 B - a +0 plate armour (worn)
 F - a +0 helmet
Jewellery
 d - a ring of resist corrosion (right hand)
 g - a ring of protection from fire (left hand)
 i - a ring of magical power
 w - an amulet of magic regeneration
 z - a ring of ice
 E - a ring of fire
Wands
 v - a wand of polymorph (8)
 C - a wand of charming (10)
Scrolls
 e - 2 scrolls of fear
 l - a scroll of teleportation
 o - a scroll of poison {unknown}
 q - 2 scrolls of amnesia {unknown}
 x - a scroll of brand weapon {unknown}
 y - a scroll of vulnerability
 D - a scroll of enchant weapon {unknown}
 G - 2 scrolls of fog
 I - a scroll of revelation {unknown}
Potions
 f - 4 potions of attraction
 h - 2 potions of curing
 k - a potion of heal wounds {unknown}
 m - 2 potions of brilliance {unknown}
 s - 2 potions of enlightenment
 t - 3 potions of haste
 H - a potion of lignification {unknown}


   Skills:
 + Level 8.3 Fighting
 - Level 5.3(6.1) Axes
 + Level 4.7(5.8) Polearms
 + Level 7.6 Armour
 + Level 7.6 Shields
 + Level 3.8 Evocations


You had 9 spell levels left.
You didn't know any spells.
Your spell library contained the following spells:

 Spells                   Type           Power      Damage    Failure   Level
 Ensorcelled Hibernation  Hex/Ice        0%         N/A       100%        2
 Passwall                 Tmut/Erth      0%         N/A       100%        2
 Dazzling Flash           Conj/Hex       0%         N/A       100%        3
 Inner Flame              Hex/Fire       0%         N/A       100%        3
 Ozocubu's Armour         Ice            0%         N/A       100%        3
 Swiftness                Air            0%         N/A       100%        3
 Flame Wave               Conj/Fire      0%         2d4       100%        4
 Manifold Assault         Tloc           0%         N/A       100%        4
 Sticky Flame             Conj/Fire      0%         2d3       100%        4
 Agony                    Necr           0%         N/A       100%        5
 Silence                  Hex/Air        0%         N/A       100%        5
 Yara's Violent Unravell  Hex/Tmut       0%         3d3       100%        5
 Dispersal                Tloc           0%         N/A       100%        6
 Enfeeble                 Hex            0%         N/A       100%        7
 Ozocubu's Refrigeration  Ice            0%         4d7       100%        7
 Disjunction              Tloc           0%         N/A       100%        8


Dungeon Overview and Level Annotations

Branches:
Dungeon (8/15)             Temple (1/1) D:4
   Lair: D:8-11

Altars:
Ashenzari
Cheibriados
Dithmenos
Fedhas
Gozag
Hepliaklqana
Kikubaaqudgha
Makhleb
Nemelex Xobeh
Okawaru
Qazlal
Trog
Uskayaw
Vehumet
Wu Jian
Xom
Yredelemnul

Annotations:
D:4 1 runed translucent door, Crazy Yiuf


Innate Abilities, Weirdness & Mutations

You have a pair of antennae on your head.
A demonic guardian rushes to your aid.
Your demonic aura sometimes causes spilled blood to erupt in flames.
You have an extremely huge brain. (Int +4)


Message History

The two-headed ogre hits your centaur with a +0 giant club!
Your centaur dies!
The two-headed ogre shouts in stereo!
Aiming: Charm
Press: ? - help, Shift-Dir - straight line, f/p - two-headed ogre
Aim: a two-headed ogre, wielding two +0 giant clubs (lightly wounded, chance to affect: 41%)
The two-headed ogre resists with some effort.
An orc wizard appears from thin air!
Reactivating autopickup.
The orc wizard points at you and mumbles some strange words.
The puff of flame hits you but does no damage.
Unknown command.
Unknown command.
Aiming: Charm
Press: ? - help, Shift-Dir - straight line, f/p - two-headed ogre
Aim: a two-headed ogre, wielding two +0 giant clubs (lightly wounded, chance to affect: 41%)
The two-headed ogre resists with some effort.
Unknown command.
Unknown command.
Aiming: Charm
Press: ? - help, Shift-Dir - straight line, f/p - two-headed ogre
Aim: a two-headed ogre, wielding two +0 giant clubs (lightly wounded, chance to affect: 41%)
The two-headed ogre resists with some effort.
The two-headed ogre hits you with a +0 giant club!!
The two-headed ogre hits you with a +0 giant club!
* * * LOW HITPOINT WARNING * * *
A demonic guardian appears!
The orc wizard hits you but does no damage.
Unknown command.
Your ice devil hits the two-headed ogre.
Your ice devil freezes the two-headed ogre!
The orc wizard casts a spell at you.
You easily resist.
The orc wizard casts a spell at you. The puff of flame misses you.
The two-headed ogre is engulfed in blazing flames.
The two-headed ogre attacks as it pursues you!
The two-headed ogre hits you with a +0 giant club!
You die...
Your body crumbles into a pile of gold.

######## #......#######
#......#..<..# ####
#......#.....# #...
#............## #...
#.............##########...
#..........................
#......#....4........###...
########..@O○.o.<..........
#...○$.o...#........
..#####....o####.......#..
..........### ##......#..
........############...###
..#####...................
#############.......
####.... #############
#####


You could see a two-headed ogre (ally target), 2 orc wizards, an orc and a
friendly ice devil (summoned).

Vanquished Creatures
  Erica (D:8)
  Pikel (D:6)
  6 yaks
  2 steam dragons
  2 water moccasins
  An orc warrior (D:6)
  A sky beast (D:7)
  2 ice beasts
  3 black bears
  2 ogres (D:5)
  2 centaurs
  4 lemures (D:6)
  A kobold brigand (D:6)
  3 scorpions (D:6)
  4 bullfrogs
  5 killer bees
  A howler monkey (D:8)
  An electric eel (D:8)
  3 hounds (D:6)
  2 orc priests
  4 jellies
  Ijyb (D:5)
  5 iguanas
  A sleepcap (D:6)
  6 orc wizards (D:6)
  10 gnolls
  9 adders
  2 shadow imps
  2 white imps
  3 ufetubi
  A worm (D:2)
  3 dart slugs
  17 orcs
  3 bats
  5 endoplasms
  A giant cockroach (D:1)
  8 goblins
  10 hobgoblins
  9 jackals
  11 kobolds
  10 ball pythons
  5 frilled lizards
  6 rats
  A spectral orc (D:6)
180 creatures vanquished.

Vanquished Creatures (collateral kills)
  Jeremiah (D:6)
  A naga (D:7)
  A sky beast (D:7)
  An ogre (D:5)
  A kobold brigand (D:5)
  A scorpion (D:5)
  3 killer bees
  An iguana (D:5)
  A gnoll (D:5)
  3 orcs (D:5)
14 creatures vanquished.

Vanquished Creatures (others)
  A centaur (D:8)
  A killer bee (D:7)
  An orc (D:8)
3 creatures vanquished.

Grand Total: 197 creatures vanquished

Notes
Turn   | Place    | Note
-------+----------+-------------------------------------------
     0 | D:1      | Arex the Demonspawn Fighter began the quest for the Orb.
     0 | D:1      | Reached XP level 1. HP: 18/18 MP: 1/1
     0 | D:1      | Noticed a troll
     1 | D:1      | Noticed a barachi
     1 | D:1      | Noticed a minotaur
     3 | D:1      | Noticed a merfolk
     3 | D:1      | Noticed an elf
     6 | D:1      | Noticed a demigod
     7 | D:1      | Noticed a demonspawn
    11 | D:1      | Noticed a merfolk
    11 | D:1      | Noticed a spriggan
    13 | D:1      | Noticed a naga
    15 | D:1      | Noticed a merfolk
    15 | D:1      | Noticed a minotaur
    17 | D:1      | Noticed a merfolk
    17 | D:1      | Noticed a demonspawn
    17 | D:1      | Noticed a spriggan
    19 | D:1      | Noticed a demonspawn
    19 | D:1      | Noticed an ogre
   149 | D:1      | Gained mutation: You have an unusually large brain. (Int
                  | +2) [demonic ancestry]
   149 | D:1      | Reached XP level 2. HP: 20/24 MP: 2/2
   399 | D:1      | Gained mutation: Your demonic aura sometimes causes spilled
                  | blood to erupt in flames. [demonic ancestry]
   399 | D:1      | Reached XP level 3. HP: 25/29 MP: 3/3
   965 | D:2      | You fall into a shaft and drop 1 floor!
  1018 | D:3      | Noticed a steam dragon
  1029 | D:3      | Killed a steam dragon
  1030 | D:3      | Reached skill level 4 in Fighting
  1030 | D:3      | Reached XP level 4. HP: 13/37 MP: 4/4
  1030 | D:3      | Gained mutation: You have a pair of small antennae on your
                  | head. [demonic ancestry]
  1030 | D:3      | Reached XP level 5. HP: 15/42 MP: 5/5
  1174 | D:3      | Found a shadowy altar of Dithmenos.
  1644 | D:3      | Noticed a centaur
  1715 | D:3      | Killed a centaur
  1716 | D:3      | Gained mutation: A weak demonic guardian rushes to your
                  | aid. [demonic ancestry]
  1716 | D:3      | Reached XP level 6. HP: 35/48 MP: 6/6
  2420 | D:4      | Found a staircase to the Ecumenical Temple.
  2448 | Temple   | Entered the Ecumenical Temple
  2466 | Temple   | Became a worshipper of Gozag Ym Sagoz the Greedy
  2643 | D:4      | Found a basalt altar of Yredelemnul.
  2643 | D:4      | Found a snail-covered altar of Cheibriados.
  2706 | D:4      | Found a runed translucent door.
  2707 | D:4      | Noticed Crazy Yiuf
  3273 | D:5      | Entered Level 5 of the Dungeon
  3307 | D:5      | Gained mutation: A demonic guardian rushes to your aid.
                  | [demonic ancestry]
  3307 | D:5      | Reached XP level 7. HP: 36/55 MP: 7/7
  3527 | D:5      | Reached skill level 5 in Fighting
  4045 | D:5      | Noticed Ijyb
  4053 | D:5      | Killed Ijyb
  4224 | D:5      | Reached skill level 5 in Armour
  4227 | D:5      | Reached skill level 5 in Shields
  4233 | D:5      | Gained mutation: You have an extremely huge brain. (Int +4)
                  | [demonic ancestry]
  4233 | D:5      | Reached XP level 8. HP: 39/63 MP: 8/8
  5490 | D:6      | Found a hazy altar of Hepliaklqana.
  5502 | D:6      | Reached skill level 5 in Axes
  5572 | D:6      | Noticed Jeremiah
  5579 | D:6      | Noticed Pikel
  6015 | D:6      | Killed Jeremiah
  6016 | D:6      | Reached skill level 6 in Fighting
  6243 | D:6      | Killed Pikel
  6244 | D:6      | Reached skill level 1 in Polearms
  6244 | D:6      | Reached XP level 9. HP: 68/71 MP: 9/9
  6514 | D:6      | Reached skill level 7 in Fighting
  7378 | D:7      | Reached skill level 1 in Evocations
  7395 | D:7      | Noticed Maggie
  7397 | D:7      | Maggie changed into Maggie the naga
  7397 | D:7      | Noticed Maggie
  7411 | D:7      | Killed Maggie the naga
  8264 | D:7      | Gained mutation: You have a pair of antennae on your head.
                  | [demonic ancestry]
  8264 | D:7      | Reached XP level 10. HP: 72/80 MP: 10/10
  8452 | D:8      | Noticed a two-headed ogre
  8547 | D:8      | Reached skill level 8 in Fighting
  8707 | D:8      | Noticed Erica
  8733 | D:8      | Killed Erica
  8956 | D:8      | Found a radiant altar of Vehumet.
  8962 | D:8      | Found a broken altar of Ashenzari.
  9003 | D:8      | Slain by a two-headed ogre

Illustrated notes

Levels and vault maps discovered:
D:1:      shiori_arrival_whats_in_store_for_you, layout_basic, st_stairs_10
D:2:      layout_basic, serial_aquarium, aquarium_bridge_square
          [aquarium_subvault_bridge, aquarium_subvault_bridge,
          aquarium_subvault_window, aquarium_subvault_window],
          aquarium_window_fake, aquarium_window_1, aquarium_window_corner,
          aquarium_view_2d, st_stairs_14, serial_park_tiny_1
D:3:      layout_basic, mainiacjoe_overflow_boulevard, minmay_diced_spiral
D:4:      layout_loops_ring, nicolae_overflow_two_pavilions,
          minmay_temple_entry_arrows, uniq_crazy_yiuf_cottage
D:5:      layout_basic, uniq_ijyb
D:6:      minmay_razor_zed, layout_basic,
          nicolae_hepliaklqana_monster_ancestors, nicolae_fountain_basement,
          uniq_pikel, uniq_jeremiah
D:7:      layout_rooms, uniq_maggie
D:8:      layout_rooms, nicolae_overflow_squiral, uniq_erica
Temple:   nicolae_temple_god_jail

Skill      XL: |  1  2  3  4  5  6  7  8  9 10 |
---------------+-------------------------------+-----
Axes           | 2 3 4 5 |  5.3
Armour         | 3 4 5 6 7 |  7.6
Shields        | 3 4 5 6 7 |  7.6
Fighting       | 4 5 6 7 8 |  8.3
Polearms       | 1 3 4 |  4.7
Evocations     | 2 3 |  3.8

Action                     |  1- 3 |  4- 6 |  7- 9 | 10-12 || total
---------------------------+-------+-------+-------+-------++-------
  Melee: War axe           |   100 |   124 |   127 |       ||   351
         Trident           |       |       |   215 |    73 ||   288
         Unarmed           |       |       |     4 |       ||     4
  Throw: Javelin           |     3 |    15 |    20 |     2 ||    40
  Evoke: Wand              |       |       |     5 |     6 ||    11
    Use: Scroll            |     1 |     4 |     5 |     2 ||    12
         Potion            |     1 |       |       |     2 ||     3
   Stab: Distracted        |       |     1 |     3 |       ||     4
 Armour: Scale mail        |    70 |    55 |       |       ||   125
         Chain mail        |       |    88 |   210 |       ||   298
         Skin              |       |       |     1 |       ||     1
         Plate armour      |       |       |    84 |    82 ||   166
  Dodge: Dodged            |    49 |    50 |   115 |     9 ||   223
  Block: Buckler           |    25 |    40 |    82 |    23 ||   170

Table legend: (Time is in decaauts)
 A = Elapsed time spent in this place.
 B = Non-inter-level travel time spent in this place.
 C = Inter-level travel time spent in this place.
 D = Time resting spent in this place.
 E = Time spent auto-exploring this place.
 F = Levels seen in this place.
 G = Mean time per level.
                   A        B        C        D        E       F      G
               +--------+--------+--------+--------+--------+-----+--------+
         Total |   9174 |   8995 |    179 |   1912 |   5182 |   9 | 1019.3 |
       Dungeon |   9142 |   8992 |    150 |   1912 |   5182 |   8 | 1142.8 |
        Temple |     32 |      3 |     29 |      0 |      0 |   1 |   32.0 |
               +--------+--------+--------+--------+--------+-----+--------+

Top non-repeatable levels by time:
     D:6: 2053 daAuts
     D:5: 1953 daAuts
     D:7: 1227 daAuts
     D:3: 964 daAuts
     D:4: 880 daAuts
     D:2: 849 daAuts
     D:1: 637 daAuts
     D:8: 575 daAuts
  Temple: 32 daAuts
